Bruins vs Blues
(R1)
Created - October 19, 2017 at 19:00
Goals
|
Bruins |
1 |
1 |
0 |
2 |
Blues |
1 |
1 |
3 |
5 |
|
Shots
|
Bruins |
4 |
5 |
4 |
13 |
Blues |
4 |
11 |
20 |
35 |
|
1st period
1. Blues , Travis Zajac 1 (Blake Wheeler 2) at 10:49 (PP)
2. Bruins , Viktor Stalberg 1 (Dave Bolland 1, Nate Prosser 3) at 16:25
Penalties :
Sergei Shirokov (STL) for Hooking (Minor) at 2:32, Tomas Plekanec (STL) for Elbowing (Minor) at 4:56, Justin Falk (Bos) for High sticking (Minor) at 9:47, Henrik Sedin (Bos) for Hooking (Minor) at 10:54
2nd period
3. Blues , Taylor Hall 5 (Nicklas Backstrom 5) at 10:25
4. Bruins , Henrik Sedin 4 (Wojtek Wolski 3, Ryan O'Byrne 2) at 15:53
Penalties :
David Perron (STL) for Hooking (Minor) at 1:05, Andrew Alberts (Bos) for Roughing (Minor) at 2:03, Alex Tanguay (Bos) for Slashing (Minor) at 4:43, Travis Zajac (STL) for Interference (Minor) at 10:56, Adam Pineault (Bos) for Slashing (Minor) at 16:39, Mike Fisher (Bos) for High sticking (Minor) at 18:57
3rd period
5. Blues , Jake Gardiner 1 (Alex Pietrangelo 3, Nicklas Backstrom 6) at 5:03 (PP)
6. Blues , Nicklas Backstrom 1 (Alex Pietrangelo 4) at 15:52
7. Blues , David Perron 3 (Sergei Shirokov 3) at 18:56
Penalties :
Alex Tanguay (Bos) for Hooking (Minor) at 4:29, Marc Savard (Bos) for Tripping (Minor) at 7:16, Viktor Stalberg (Bos) for Hooking (Minor) at 11:58
Goalie Stats
Roberto Luongo (Bos), 30 saves from 35 shots - (0.857), L, 1-2-0, 60:00 minutes
Tuukka Rask (STL), 11 saves from 13 shots - (0.846), W, 3-1-0, 60:00 minutes
Players Stats for Bruins
Player Name G A P +/- PIM S H SB GA TA FO MP PP MP PK MP
------------------------------------------------------------------------------------
Adam Pineault 0 0 0 1 2 1 0 1 0 0 0/1 8:47 0:00 0:00
Alex Tanguay 0 0 0 -1 4 0 0 0 2 0 0/1 16:19 3:08 1:56
Andrew Alberts 0 0 0 -1 2 0 0 3 0 0 0/0 26:59 4:41 8:13
Dainius Zubrus 0 0 0 -1 0 1 1 0 0 0 0/0 6:10 0:00 0:00
Dave Bolland 0 1 1 1 0 1 1 0 0 0 3/4 15:56 0:00 5:53
Henrik Sedin 1 0 1 0 2 1 2 1 0 0 15/32 21:58 3:39 7:16
Jason Demers 0 0 0 -1 0 0 0 2 1 0 0/0 28:32 4:42 8:25
Justin Falk 0 0 0 -1 2 0 1 0 0 0 0/0 12:43 0:00 0:26
Kris Chucko 0 0 0 -1 0 1 0 0 0 0 0/0 6:26 0:00 0:16
Marc Savard 0 0 0 -1 2 0 1 0 0 0 3/10 15:32 3:08 1:04
Mark Stuart 0 0 0 1 0 0 0 2 3 2 0/0 19:44 2:13 5:56
Mike Fisher 0 0 0 -1 2 1 1 0 0 1 0/1 7:03 0:08 0:15
Nate Prosser 0 1 1 -1 0 0 3 1 0 0 0/0 12:16 0:00 0:00
Patrick Eaves 0 0 0 -1 0 0 2 0 1 0 1/1 14:43 3:39 0:00
Ryan O'Byrne 0 1 1 1 0 0 1 1 0 1 0/0 19:44 2:13 5:56
Victor Oreskovich 0 0 0 0 0 1 1 0 0 1 2/4 22:16 3:08 8:34
Viktor Stalberg 1 0 1 1 2 3 2 0 1 0 0/0 9:38 0:18 0:00
Wojtek Wolski 0 1 1 0 0 3 2 0 1 1 1/2 19:36 3:37 3:42
Players Stats for Blues
Player Name G A P +/- PIM S H SB GA TA FO MP PP MP PK MP
------------------------------------------------------------------------------------
Alex Pietrangelo 0 2 2 0 0 3 1 0 0 0 0/0 25:03 8:13 0:10
Blake Wheeler 0 1 1 1 0 2 1 0 2 0 1/1 20:42 6:03 4:13
Bryce Lampman 0 0 0 0 0 0 1 0 1 3 0/0 19:21 0:00 4:19
Cody Franson 0 0 0 1 0 1 1 0 0 1 0/0 19:20 6:00 2:26
David Perron 1 0 1 0 2 7 1 0 1 1 0/0 17:22 6:13 0:00
Drew Fata 0 0 0 0 0 1 0 1 0 1 0/0 16:10 0:15 4:29
Drew Stafford 0 0 0 0 0 0 2 0 0 0 0/0 11:59 0:00 2:17
Frans Nielsen 0 0 0 0 0 2 0 0 0 0 10/12 13:55 0:00 4:13
Jake Gardiner 1 0 1 0 0 1 1 1 0 1 0/0 23:29 8:28 2:26
Jason Akeson 0 0 0 0 0 0 0 0 0 0 0/0 6:47 0:10 0:00
Justin Schultz 0 0 0 1 0 3 1 1 0 0 0/0 16:37 6:00 0:00
Linus Omark 0 0 0 0 0 1 1 0 0 0 0/0 6:22 0:22 0:00
Loui Eriksson 0 0 0 0 0 1 2 0 1 0 0/0 9:42 0:00 0:00
Nicklas Backstrom 1 2 3 1 0 4 1 0 1 1 13/28 20:29 8:15 1:07
Sergei Shirokov 0 1 1 0 2 1 2 0 0 0 3/3 19:27 8:15 0:00
Taylor Hall 1 0 1 1 0 6 0 0 0 0 0/1 19:46 8:02 0:25
Tomas Plekanec 0 0 0 0 2 0 1 0 0 0 0/1 6:02 0:00 0:00
Travis Zajac 1 0 1 0 2 2 2 0 0 1 4/10 19:27 6:04 1:35
3 Stars
1 - Nicklas Backstrom (STL)
2 - Taylor Hall (STL)
3 - Jake Gardiner (STL)
Power Play
Bruins - 0 on 4 Attempt(s) - 0.00%
Blues - 2 on 9 Attempt(s) - 22.22%
Penalty Kill
Bruins - 7 on 9 Attempt(s) - 77.78%
- Score 0 goal in Penalty Kill
Blues - 4 on 4 Attempt(s) - 100.00%
- Score 0 goal in Penalty Kill
Team Stat
Bruins - Hits : 18 - Faceoff Wins : 25 - Blocked Shots : 11 - Penalty Minutes : 18
Blues - Hits : 18 - Faceoff Wins : 31 - Blocked Shots : 3 - Penalty Minutes : 8
Official
Referees : Auger Stephane and Hebert Ghislain
Linesman : Don Henderson and Jay Sharrers
Game Notes
5:03 of 3rd period - Blues goal is going for a video replay. After video review, Goal.
Finance
Level 1 -- Attendance: 5187 (86.45%) -- Ticket Income $461,643
Level 2 -- Attendance: 4388 (87.76%) -- Ticket Income $250,116
Level 3 -- Attendance: 1932 (96.60%) -- Ticket Income $67,620
Level 4 -- Attendance: 3528 (88.20%) -- Ticket Income $84,672
Luxury Box -- Attendance: 701 (70.10%) -- Ticket Income $121,974
Game was played at the Scotttrade center.
Total Attendance: 15736 (87.42%)
Total Ticket Income: $986,025
Other Income: $147,904
Total Income: $1,133,929
Bruins
5 vs 5 Forward
Center Left Wing Right Wing Time % Phy DF OF
1 Henrik Sedin Wojtek Wolski Victor Oreskovich 40 0 2 3
2 Marc Savard Alex Tanguay Patrick Eaves 30 0 2 3
3 Dave Bolland Viktor Stalberg Adam Pineault 20 1 2 2
4 Mike Fisher Kris Chucko Dainius Zubrus 10 1 2 2
5 vs 5 Defense
Defense Defense Time % Phy DF OF
1 Jason Demers Andrew Alberts 40 0 2 3
2 Mark Stuart Ryan O'Byrne 30 0 3 2
3 Nate Prosser Justin Falk 20 1 2 2
4 Jason Demers Andrew Alberts 10 1 2 2
PowerPlay Forward
Center Left Wing Right Wing Time % Phy DF OF
1 Henrik Sedin Wojtek Wolski Patrick Eaves 60 0 1 4
2 Marc Savard Alex Tanguay Victor Oreskovich 40 0 2 3
PowerPlay Defense
Defense Defense Time % Phy DF OF
1 Jason Demers Andrew Alberts 60 0 2 3
2 Mark Stuart Ryan O'Byrne 40 0 2 3
Penalty Kill 4 Players Forward
Center Wing Time % Phy DF OF
1 Henrik Sedin Victor Oreskovich 60 0 4 1
2 Dave Bolland Wojtek Wolski 40 0 4 1
Penalty Kill 4 Players Defense
Defense Defense Time % Phy DF OF
1 Jason Demers Andrew Alberts 60 0 5 0
2 Mark Stuart Ryan O'Byrne 40 0 5 0
Penalty Kill - 3 Players Forward
Forward Time % Phy DF OF
1 Wojtek Wolski 60 0 4 1
2 Victor Oreskovich 40 0 4 1
Penalty Kill - 3 Players Defense
Defense Defense Time % Phy DF OF
1 Jason Demers Andrew Alberts 60 0 5 0
2 Mark Stuart Ryan O'Byrne 40 0 5 0
4 vs 4 Forward
Center Wing Time % Phy DF OF
1 Wojtek Wolski Henrik Sedin 60 0 2 3
2 Marc Savard Victor Oreskovich 40 0 2 3
4 vs 4 Defense
Defense Defense Time % Phy DF OF
1 Jason Demers Andrew Alberts 60 0 2 3
2 Mark Stuart Ryan O'Byrne 40 1 2 2
Last Minutes Offensive
Center Left Wing Right Wing Defense Defense
Henrik Sedin Wojtek Wolski Victor Oreskovich Jason Demers Andrew Alberts
Last Minutes Defensive
Center Left Wing Right Wing Defense Defense
Henrik Sedin Wojtek Wolski Victor Oreskovich Jason Demers Andrew Alberts
Goaltenders
Starting : Roberto Luongo
Backup : Kevin Poulin
Extra Forwards
Normal : Viktor Stalberg, Mike Fisher, Dave Bolland - PP : Viktor Stalberg, Mike Fisher - PK : Dave Bolland
Extra Defensemen
Normal : Nate Prosser, Justin Falk, Mark Stuart - PP : Nate Prosser - PK : Justin Falk, Mark Stuart
Penalty Shots
Wojtek Wolski, Henrik Sedin, Marc Savard, Victor Oreskovich, Patrick Eaves
Scratches
None
Blues
5 vs 5 Forward
Center Left Wing Right Wing Time % Phy DF OF
1 Nicklas Backstrom Taylor Hall Blake Wheeler 40 1 2 2
2 Travis Zajac David Perron Sergei Shirokov 30 1 2 2
3 Frans Nielsen Loui Eriksson Drew Stafford 20 1 2 2
4 Tomas Plekanec Linus Omark Jason Akeson 10 1 2 2
5 vs 5 Defense
Defense Defense Time % Phy DF OF
1 Alex Pietrangelo Bryce Lampman 40 1 2 2
2 Jake Gardiner Drew Fata 30 1 2 2
3 Justin Schultz Cody Franson 20 1 2 2
4 Alex Pietrangelo Drew Fata 10 1 2 2
PowerPlay Forward
Center Left Wing Right Wing Time % Phy DF OF
1 Nicklas Backstrom Taylor Hall Sergei Shirokov 60 1 2 2
2 Travis Zajac David Perron Blake Wheeler 40 1 2 2
PowerPlay Defense
Defense Defense Time % Phy DF OF
1 Jake Gardiner Alex Pietrangelo 60 1 2 2
2 Cody Franson Justin Schultz 40 1 2 2
Penalty Kill 4 Players Forward
Center Wing Time % Phy DF OF
1 Frans Nielsen Blake Wheeler 60 1 2 2
2 Travis Zajac Drew Stafford 40 1 2 2
Penalty Kill 4 Players Defense
Defense Defense Time % Phy DF OF
1 Drew Fata Bryce Lampman 60 1 2 2
2 Cody Franson Jake Gardiner 40 1 2 2
Penalty Kill - 3 Players Forward
Forward Time % Phy DF OF
1 Blake Wheeler 60 1 2 2
2 Frans Nielsen 40 1 2 2
Penalty Kill - 3 Players Defense
Defense Defense Time % Phy DF OF
1 Bryce Lampman Drew Fata 60 1 2 2
2 Alex Pietrangelo Jake Gardiner 40 1 2 2
4 vs 4 Forward
Center Wing Time % Phy DF OF
1 Travis Zajac David Perron 60 1 2 2
2 Nicklas Backstrom Taylor Hall 40 1 2 2
4 vs 4 Defense
Defense Defense Time % Phy DF OF
1 Bryce Lampman Alex Pietrangelo 60 1 2 2
2 Drew Fata Jake Gardiner 40 1 2 2
Last Minutes Offensive
Center Left Wing Right Wing Defense Defense
Nicklas Backstrom Taylor Hall Sergei Shirokov Jake Gardiner Alex Pietrangelo
Last Minutes Defensive
Center Left Wing Right Wing Defense Defense
Frans Nielsen Loui Eriksson Blake Wheeler Bryce Lampman Drew Fata
Goaltenders
Starting : Tuukka Rask
Backup : Ray Emery
Extra Forwards
Normal : Travis Zajac, Jason Akeson, David Perron - PP : Linus Omark, Tomas Plekanec - PK : Nicklas Backstrom
Extra Defensemen
Normal : Jake Gardiner, Cody Franson, Drew Fata - PP : Justin Schultz - PK : Alex Pietrangelo, Justin Schultz
Penalty Shots
David Perron, Loui Eriksson, Nicklas Backstrom, Sergei Shirokov, Travis Zajac
Scratches
Jamie Langenbrunner (Severed Right Wrist Tendon Injury), Tuomo Ruutu (Healthy)
% Time on Ice - Bruins
Lines # - Real PCT - Wanted PCT - Time Play
Normal Forward
1 - 28% - 40% - 10:27
2 - 32% - 30% - 12:11
3 - 23% - 20% - 8:48
4 - 16% - 10% - 6:10
Normal Defense
1 - 39% - 40% - 14:46
2 - 30% - 30% - 11:28
3 - 30% - 20% - 11:22
4 - 0% - 10% - 0:00
PP Forward
1 - 55% - 60% - 3:47
2 - 45% - 40% - 3:08
PP Defense
1 - 68% - 60% - 4:42
2 - 32% - 40% - 2:13
PK Forward
1 - 74% - 60% - 10:46
2 - 26% - 40% - 3:42
PK Defense
1 - 59% - 60% - 8:32
2 - 41% - 40% - 5:56
PK3 Forward
1 - 0% - 60%
2 - 0% - 40%
PK3 Defense
1 - 0% - 60%
2 - 0% - 40%
44 Forward
1 - 69% - 60% - 0:42
2 - 31% - 40% - 0:19
44 Defense
1 - 89% - 60% - 0:54
2 - 11% - 40% - 0:07
Last Minute Offensive - 0:00
Last Minute Defensive - 0:00
Total
Forward - 60:00
Defense - 60:00
|
% Time on Ice - Blues
Lines # - Real PCT - Wanted PCT - Time Play
Normal Forward
1 - 29% - 40% - 10:45
2 - 30% - 30% - 11:10
3 - 26% - 20% - 9:42
4 - 16% - 10% - 5:59
Normal Defense
1 - 44% - 40% - 16:40
2 - 28% - 30% - 10:39
3 - 26% - 20% - 9:54
4 - 1% - 10% - 0:23
PP Forward
1 - 58% - 60% - 8:25
2 - 42% - 40% - 6:03
PP Defense
1 - 57% - 60% - 8:13
2 - 43% - 40% - 6:15
PK Forward
1 - 67% - 60% - 4:38
2 - 33% - 40% - 2:17
PK Defense
1 - 65% - 60% - 4:29
2 - 35% - 40% - 2:26
PK3 Forward
1 - 0% - 60%
2 - 0% - 40%
PK3 Defense
1 - 0% - 60%
2 - 0% - 40%
44 Forward
1 - 100% - 60% - 1:01
2 - 0% - 40% - 0:00
44 Defense
1 - 56% - 60% - 0:34
2 - 44% - 40% - 0:27
Last Minute Offensive - 0:00
Last Minute Defensive - 0:00
Total
Forward - 60:00
Defense - 60:00
|
Play by Play
1st period
0:01 of 1st period - Victor Oreskovich wins face-off versus Nicklas Backstrom in neutral zone.
0:25 of 1st period - Andrew Alberts is hit by Sergei Shirokov and loses puck.
1:40 of 1st period - Off-side.
1:41 of 1st period - Marc Savard wins face-off versus Travis Zajac in neutral zone.
1:45 of 1st period - Icing by Nate Prosser.
1:46 of 1st period - Sergei Shirokov wins face-off versus Marc Savard in Bruins zone.
1:51 of 1st period - Snap shot by Travis Zajac.
1:51 of 1st period - Shot Misses the Net.
2:15 of 1st period - Viktor Stalberg is hit by Bryce Lampman and loses puck.
2:32 of 1st period - Minor Penalty to Sergei Shirokov for Hooking.
2:33 of 1st period - Frans Nielsen wins face-off versus Henrik Sedin in Blues zone.
4:32 of 1st period - Penalty to Sergei Shirokov is over, Sergei Shirokov is back on ice.
4:56 of 1st period - Minor Penalty to Tomas Plekanec for Elbowing.
4:57 of 1st period - Frans Nielsen wins face-off versus Marc Savard in Blues zone.
5:24 of 1st period - Drew Fata is hit by Patrick Eaves and loses puck.
6:36 of 1st period - Blake Wheeler is hit by Mike Fisher and loses puck.
6:56 of 1st period - Penalty to Tomas Plekanec is over, Tomas Plekanec is back on ice.
7:13 of 1st period - Wrist shot by Tomas Plekanec.
7:13 of 1st period - Shot Misses the Net.
7:15 of 1st period - Slapshot by Jake Gardiner.
7:15 of 1st period - Shot Misses the Net.
7:56 of 1st period - Viktor Stalberg is hit by Travis Zajac and loses puck.
8:03 of 1st period - Travis Zajac is hit by Viktor Stalberg and loses puck.
9:03 of 1st period - Off-side.
9:04 of 1st period - Marc Savard wins face-off versus Frans Nielsen in neutral zone.
9:27 of 1st period - Icing by Blake Wheeler.
9:28 of 1st period - Nicklas Backstrom wins face-off versus Henrik Sedin in Blues zone.
9:43 of 1st period - Slapshot by Alex Pietrangelo.
9:43 of 1st period - Stopped by Roberto Luongo with a rebound.
9:45 of 1st period - Wrist shot by Blake Wheeler.
9:45 of 1st period - Shot Misses the Net.
9:47 of 1st period - Minor Penalty to Justin Falk for High sticking.
9:48 of 1st period - Nicklas Backstrom wins face-off versus Henrik Sedin in Bruins zone.
9:59 of 1st period - Slapshot by Alex Pietrangelo.
9:59 of 1st period - Deflect By Taylor Hall.
9:59 of 1st period - Shot Blocked by Andrew Alberts.
9:59 of 1st period - Puck is out of play.
10:00 of 1st period - Henrik Sedin wins face-off versus Nicklas Backstrom in Bruins zone.
10:09 of 1st period - Snap shot by Sergei Shirokov.
10:09 of 1st period - Shot Blocked by Jason Demers.
10:33 of 1st period - Dave Bolland is hit by Justin Schultz and loses puck.
10:41 of 1st period - Icing by Travis Zajac.
10:42 of 1st period - Travis Zajac wins face-off versus Henrik Sedin in Blues zone.
10:49 of 1st period - Snap shot by Blake Wheeler.
10:49 of 1st period - Deflect By Travis Zajac.
10:49 of 1st period - Goal by Travis Zajac - Bruins : 0 - Blues : 1.
10:50 of 1st period - Henrik Sedin wins face-off versus Nicklas Backstrom in neutral zone.
10:53 of 1st period - Wrist shot by Wojtek Wolski.
10:53 of 1st period - Stopped by Tuukka Rask with a rebound.
10:54 of 1st period - Minor Penalty to Henrik Sedin for Hooking.
10:55 of 1st period - Dave Bolland wins face-off versus Nicklas Backstrom in Bruins zone.
11:12 of 1st period - Wrist shot by Taylor Hall.
11:12 of 1st period - Stopped by Roberto Luongo with a rebound.
12:54 of 1st period - Penalty to Henrik Sedin is over, Henrik Sedin is back on ice.
13:00 of 1st period - Andrew Alberts is hit by Loui Eriksson.
15:29 of 1st period - Jake Gardiner is hit by Wojtek Wolski and loses puck.
15:36 of 1st period - Drew Stafford is hit by Justin Falk and loses puck.
15:59 of 1st period - Wrist shot by Tomas Plekanec.
15:59 of 1st period - Shot Misses the Net.
16:01 of 1st period - Wrist shot by Jason Akeson.
16:01 of 1st period - Shot Misses the Net.
16:25 of 1st period - Slapshot by Viktor Stalberg.
16:25 of 1st period - Goal by Viktor Stalberg - Bruins : 1 - Blues : 1.
16:26 of 1st period - Nicklas Backstrom wins face-off versus Victor Oreskovich in neutral zone.
16:57 of 1st period - Wrist shot by David Perron.
16:57 of 1st period - Stopped by Roberto Luongo with a rebound.
18:05 of 1st period - Snap shot by Wojtek Wolski.
18:05 of 1st period - Stopped by Tuukka Rask without a rebound.
18:06 of 1st period - Nicklas Backstrom wins face-off versus Marc Savard in Blues zone.
18:31 of 1st period - David Perron is hit by Ryan O'Byrne.
18:39 of 1st period - Ryan O'Byrne is hit by Travis Zajac and loses puck.
19:00 of 1st period - Snap shot by Dave Bolland.
19:00 of 1st period - Stopped by Tuukka Rask without a rebound.
19:01 of 1st period - Nicklas Backstrom wins face-off versus Marc Savard in Blues zone.
19:06 of 1st period - Snap shot by Nicklas Backstrom.
19:06 of 1st period - Shot Blocked by Nate Prosser.
19:31 of 1st period - Sergei Shirokov is hit by Henrik Sedin and loses puck.
Goals for this period are 1 for Bruins vs 1 for Blues.
Shots for this period are 4 for Bruins vs 4 for Blues.
2nd period
0:01 of 2nd period - Henrik Sedin wins face-off versus Nicklas Backstrom in neutral zone.
0:36 of 2nd period - Wrist shot by Marc Savard.
0:36 of 2nd period - Shot Misses the Net.
0:43 of 2nd period - Icing by Sergei Shirokov.
0:44 of 2nd period - Dave Bolland wins face-off versus Travis Zajac in Blues zone.
1:05 of 2nd period - Minor Penalty to David Perron for Hooking.
1:06 of 2nd period - Frans Nielsen wins face-off versus Henrik Sedin in Blues zone.
1:17 of 2nd period - Icing by Henrik Sedin.
1:18 of 2nd period - Frans Nielsen wins face-off versus Henrik Sedin in Bruins zone.
1:25 of 2nd period - Snap shot by Blake Wheeler.
1:25 of 2nd period - Stopped by Roberto Luongo without a rebound.
1:26 of 2nd period - Frans Nielsen wins face-off versus Henrik Sedin in Bruins zone.
1:31 of 2nd period - Snap shot by Blake Wheeler.
1:31 of 2nd period - Shot Misses the Net.
1:33 of 2nd period - Slapshot by Drew Fata.
1:33 of 2nd period - Shot Misses the Net.
1:41 of 2nd period - Snap shot by Blake Wheeler.
1:41 of 2nd period - Stopped by Roberto Luongo with a rebound.
1:43 of 2nd period - Slapshot by Drew Fata.
1:43 of 2nd period - Stopped by Roberto Luongo without a rebound.
1:44 of 2nd period - Frans Nielsen wins face-off versus Marc Savard in Bruins zone.
2:03 of 2nd period - Minor Penalty to Andrew Alberts for Roughing.
2:04 of 2nd period - Travis Zajac wins face-off versus Wojtek Wolski in Bruins zone.
2:07 of 2nd period - Snap shot by Travis Zajac.
2:07 of 2nd period - Stopped by Roberto Luongo with a rebound.
2:46 of 2nd period - Wrist shot by Victor Oreskovich.
2:46 of 2nd period - Stopped by Tuukka Rask with a rebound.
3:05 of 2nd period - Penalty to David Perron is over, David Perron is back on ice.
4:03 of 2nd period - Penalty to Andrew Alberts is over, Andrew Alberts is back on ice.
4:43 of 2nd period - Minor Penalty to Alex Tanguay for Slashing.
4:44 of 2nd period - Sergei Shirokov wins face-off versus Henrik Sedin in Bruins zone.
5:42 of 2nd period - Victor Oreskovich is hit by Blake Wheeler and loses puck.
6:43 of 2nd period - Penalty to Alex Tanguay is over, Alex Tanguay is back on ice.
6:57 of 2nd period - Slapshot by Frans Nielsen.
6:57 of 2nd period - Stopped by Roberto Luongo without a rebound.
6:58 of 2nd period - Frans Nielsen wins face-off versus Marc Savard in Bruins zone.
6:58 of 2nd period - Justin Schultz is hit by Nate Prosser and loses puck.
7:07 of 2nd period - Slapshot by Drew Stafford.
7:07 of 2nd period - Shot Misses the Net.
7:29 of 2nd period - Slapshot by Kris Chucko.
7:29 of 2nd period - Stopped by Tuukka Rask without a rebound.
7:30 of 2nd period - Henrik Sedin wins face-off versus Nicklas Backstrom in Blues zone.
7:34 of 2nd period - Icing by Blake Wheeler.
7:35 of 2nd period - Nicklas Backstrom wins face-off versus Henrik Sedin in Blues zone.
7:35 of 2nd period - Nicklas Backstrom is hit by Henrik Sedin.
8:30 of 2nd period - Snap shot by Drew Stafford.
8:30 of 2nd period - Shot Misses the Net.
9:02 of 2nd period - Snap shot by Wojtek Wolski.
9:02 of 2nd period - Stopped by Tuukka Rask without a rebound.
9:03 of 2nd period - Wojtek Wolski wins face-off versus Tomas Plekanec in Blues zone.
9:30 of 2nd period - Patrick Eaves is hit by Nicklas Backstrom.
9:56 of 2nd period - Snap shot by David Perron.
9:56 of 2nd period - Shot Misses the Net.
10:12 of 2nd period - Snap shot by Mike Fisher.
10:12 of 2nd period - Stopped by Tuukka Rask without a rebound.
10:13 of 2nd period - Blake Wheeler wins face-off versus Mike Fisher in Blues zone.
10:25 of 2nd period - Snap shot by Taylor Hall.
10:25 of 2nd period - Goal by Taylor Hall - Bruins : 1 - Blues : 2.
10:26 of 2nd period - Henrik Sedin wins face-off versus Nicklas Backstrom in neutral zone.
10:56 of 2nd period - Minor Penalty to Travis Zajac for Interference.
10:57 of 2nd period - Henrik Sedin wins face-off versus Frans Nielsen in Blues zone.
11:35 of 2nd period - Snap shot by Alex Tanguay.
11:35 of 2nd period - Shot Misses the Net.
11:42 of 2nd period - Icing by Marc Savard.
11:43 of 2nd period - Frans Nielsen wins face-off versus Alex Tanguay in Bruins zone.
11:56 of 2nd period - Snap shot by Andrew Alberts.
11:56 of 2nd period - Shot Blocked by Jake Gardiner.
12:56 of 2nd period - Penalty to Travis Zajac is over, Travis Zajac is back on ice.
13:15 of 2nd period - Jason Demers is hit by Tomas Plekanec and loses puck.
13:49 of 2nd period - Taylor Hall is hit by Nate Prosser and loses puck.
14:06 of 2nd period - Wojtek Wolski is hit by Drew Stafford and loses puck.
15:21 of 2nd period - Slapshot by Justin Schultz.
15:21 of 2nd period - Shot Misses the Net.
15:24 of 2nd period - Icing by Ryan O'Byrne.
15:25 of 2nd period - Henrik Sedin wins face-off versus Nicklas Backstrom in Bruins zone.
15:25 of 2nd period - Henrik Sedin is hit by Jake Gardiner.
15:45 of 2nd period - Snap shot by Wojtek Wolski.
15:45 of 2nd period - Shot Misses the Net.
15:51 of 2nd period - Snap shot by Henrik Sedin.
15:51 of 2nd period - Shot Blocked by Drew Fata.
15:53 of 2nd period - Snap shot by Henrik Sedin.
15:53 of 2nd period - Goal by Henrik Sedin - Bruins : 2 - Blues : 2.
15:54 of 2nd period - Marc Savard wins face-off versus Nicklas Backstrom in neutral zone.
16:02 of 2nd period - Backhand shot by Nicklas Backstrom.
16:02 of 2nd period - Deflect By Taylor Hall.
16:02 of 2nd period - Stopped by Roberto Luongo with a rebound.
16:39 of 2nd period - Minor Penalty to Adam Pineault for Slashing.
16:40 of 2nd period - Nicklas Backstrom wins face-off versus Henrik Sedin in Bruins zone.
16:54 of 2nd period - Nicklas Backstrom is hit by Victor Oreskovich.
18:04 of 2nd period - Andrew Alberts is hit by David Perron and loses puck.
18:39 of 2nd period - Penalty to Adam Pineault is over, Adam Pineault is back on ice.
18:57 of 2nd period - Minor Penalty to Mike Fisher for High sticking.
18:58 of 2nd period - Travis Zajac wins face-off versus Henrik Sedin in Bruins zone.
19:03 of 2nd period - Snap shot by David Perron.
19:03 of 2nd period - Stopped by Roberto Luongo with a rebound.
19:05 of 2nd period - Snap shot by Travis Zajac.
19:05 of 2nd period - Shot Blocked by Henrik Sedin.
19:07 of 2nd period - Snap shot by David Perron.
19:07 of 2nd period - Stopped by Roberto Luongo with a rebound.
19:09 of 2nd period - Wrist shot by Justin Schultz.
19:09 of 2nd period - Stopped by Roberto Luongo with a rebound.
19:11 of 2nd period - Snap shot by Travis Zajac.
19:11 of 2nd period - Shot Misses the Net.
19:15 of 2nd period - Wrist shot by David Perron.
19:15 of 2nd period - Stopped by Roberto Luongo with a rebound.
Goals for this period are 1 for Bruins vs 1 for Blues.
Shots for this period are 5 for Bruins vs 11 for Blues.
3rd period
0:01 of 3rd period - Henrik Sedin wins face-off versus Nicklas Backstrom in neutral zone.
0:36 of 3rd period - Slapshot by Alex Pietrangelo.
0:36 of 3rd period - Shot Misses the Net.
0:57 of 3rd period - Penalty to Mike Fisher is over, Mike Fisher is back on ice.
1:07 of 3rd period - Ryan O'Byrne is hit by Loui Eriksson and loses puck.
1:34 of 3rd period - Ryan O'Byrne is hit by Linus Omark and loses puck.
2:00 of 3rd period - Icing by Kris Chucko.
2:01 of 3rd period - Henrik Sedin wins face-off versus Travis Zajac in Bruins zone.
2:33 of 3rd period - Wrist shot by Nicklas Backstrom.
2:33 of 3rd period - Shot Blocked by Adam Pineault.
2:35 of 3rd period - Wrist shot by Taylor Hall.
2:35 of 3rd period - Shot Blocked by Ryan O'Byrne.
2:37 of 3rd period - Wrist shot by Nicklas Backstrom.
2:37 of 3rd period - Deflect By Taylor Hall.
2:37 of 3rd period - Shot Misses the Net.
2:37 of 3rd period - Puck is out of play.
2:38 of 3rd period - Travis Zajac wins face-off versus Marc Savard in Bruins zone.
2:41 of 3rd period - Wrist shot by David Perron.
2:41 of 3rd period - Stopped by Roberto Luongo without a rebound.
2:42 of 3rd period - Patrick Eaves wins face-off versus Travis Zajac in Bruins zone.
2:47 of 3rd period - Wrist shot by Alex Tanguay.
2:47 of 3rd period - Shot Misses the Net.
3:18 of 3rd period - Wrist shot by Taylor Hall.
3:18 of 3rd period - Stopped by Roberto Luongo with a rebound.
3:20 of 3rd period - Snap shot by Nicklas Backstrom.
3:20 of 3rd period - Shot Misses the Net.
3:22 of 3rd period - Slapshot by Drew Fata.
3:22 of 3rd period - Shot Misses the Net.
3:31 of 3rd period - Off-side.
3:32 of 3rd period - Frans Nielsen wins face-off versus Adam Pineault in neutral zone.
3:41 of 3rd period - Wrist shot by Frans Nielsen.
3:41 of 3rd period - Stopped by Roberto Luongo with a rebound.
3:43 of 3rd period - Wrist shot by Drew Stafford.
3:43 of 3rd period - Shot Misses the Net.
3:45 of 3rd period - Snap shot by Loui Eriksson.
3:45 of 3rd period - Stopped by Roberto Luongo with a rebound.
4:27 of 3rd period - Wrist shot by David Perron.
4:27 of 3rd period - Shot Misses the Net.
4:29 of 3rd period - Minor Penalty to Alex Tanguay for Hooking.
4:30 of 3rd period - Nicklas Backstrom wins face-off versus Henrik Sedin in Bruins zone.
4:43 of 3rd period - Snap shot by Sergei Shirokov.
4:43 of 3rd period - Stopped by Roberto Luongo with a rebound.
4:45 of 3rd period - Snap shot by Nicklas Backstrom.
4:45 of 3rd period - Stopped by Roberto Luongo without a rebound.
4:46 of 3rd period - Nicklas Backstrom wins face-off versus Victor Oreskovich in Bruins zone.
4:51 of 3rd period - Slapshot by Taylor Hall.
4:51 of 3rd period - Stopped by Roberto Luongo without a rebound.
4:52 of 3rd period - Nicklas Backstrom wins face-off versus Henrik Sedin in Bruins zone.
4:57 of 3rd period - Snap shot by Nicklas Backstrom.
4:57 of 3rd period - Shot Misses the Net.
4:59 of 3rd period - Slapshot by Alex Pietrangelo.
4:59 of 3rd period - Stopped by Roberto Luongo with a rebound.
5:01 of 3rd period - Slapshot by Jake Gardiner.
5:01 of 3rd period - Shot Blocked by Andrew Alberts.
5:03 of 3rd period - Wrist shot by Jake Gardiner.
5:03 of 3rd period - Blues goal is going for a video replay.
5:03 of 3rd period - The goal is good.
5:03 of 3rd period - Goal by Jake Gardiner - Bruins : 2 - Blues : 3.
5:04 of 3rd period - Victor Oreskovich wins face-off versus Nicklas Backstrom in neutral zone.
5:19 of 3rd period - Wrist shot by Nicklas Backstrom.
5:19 of 3rd period - Shot Hit the Post.
5:31 of 3rd period - Travis Zajac is hit by Patrick Eaves and loses puck.
6:18 of 3rd period - Bryce Lampman is hit by Dainius Zubrus and loses puck.
6:37 of 3rd period - Linus Omark is hit by Wojtek Wolski and loses puck.
6:53 of 3rd period - Icing by Victor Oreskovich.
6:54 of 3rd period - Henrik Sedin wins face-off versus Travis Zajac in Bruins zone.
7:16 of 3rd period - Minor Penalty to Marc Savard for Tripping.
7:17 of 3rd period - Henrik Sedin wins face-off versus Taylor Hall in Bruins zone.
7:33 of 3rd period - Off-side.
7:34 of 3rd period - Henrik Sedin wins face-off versus Nicklas Backstrom in neutral zone.
9:16 of 3rd period - Penalty to Marc Savard is over, Marc Savard is back on ice.
9:33 of 3rd period - Snap shot by Mike Fisher.
9:33 of 3rd period - Shot Misses the Net.
9:54 of 3rd period - Jason Akeson is hit by Marc Savard.
9:58 of 3rd period - Snap shot by Marc Savard.
9:58 of 3rd period - Shot Misses the Net.
10:17 of 3rd period - Frans Nielsen is hit by Dave Bolland and loses puck.
10:24 of 3rd period - Justin Falk is hit by Cody Franson and loses puck.
10:35 of 3rd period - Wrist shot by Viktor Stalberg.
10:35 of 3rd period - Stopped by Tuukka Rask with a rebound.
10:39 of 3rd period - Slapshot by Adam Pineault.
10:39 of 3rd period - Stopped by Tuukka Rask without a rebound.
10:40 of 3rd period - Nicklas Backstrom wins face-off versus Henrik Sedin in Blues zone.
11:05 of 3rd period - Patrick Eaves is hit by Sergei Shirokov.
11:27 of 3rd period - Slapshot by Linus Omark.
11:27 of 3rd period - Shot Misses the Net.
11:29 of 3rd period - Slapshot by Alex Pietrangelo.
11:29 of 3rd period - Deflect By Linus Omark.
11:29 of 3rd period - Stopped by Roberto Luongo with a rebound.
11:31 of 3rd period - Slapshot by Jake Gardiner.
11:31 of 3rd period - Shot Blocked by Jason Demers.
11:58 of 3rd period - Minor Penalty to Viktor Stalberg for Hooking.
11:59 of 3rd period - Nicklas Backstrom wins face-off versus Henrik Sedin in Bruins zone.
12:00 of 3rd period - Wrist shot by Taylor Hall.
12:00 of 3rd period - Stopped by Roberto Luongo with a rebound.
12:02 of 3rd period - Wrist shot by Taylor Hall.
12:02 of 3rd period - Shot Misses the Net.
12:04 of 3rd period - Slapshot by Justin Schultz.
12:04 of 3rd period - Stopped by Roberto Luongo with a rebound.
12:34 of 3rd period - Backhand shot by Justin Schultz.
12:34 of 3rd period - Deflect By Wojtek Wolski.
12:34 of 3rd period - Stopped by Roberto Luongo without a rebound.
12:35 of 3rd period - Dave Bolland wins face-off versus Travis Zajac in Bruins zone.
12:44 of 3rd period - Snap shot by Alex Pietrangelo.
12:44 of 3rd period - Stopped by Roberto Luongo with a rebound.
12:46 of 3rd period - Snap shot by David Perron.
12:46 of 3rd period - Shot Misses the Net.
12:48 of 3rd period - Snap shot by David Perron.
12:48 of 3rd period - Stopped by Roberto Luongo with a rebound.
12:50 of 3rd period - Slapshot by David Perron.
12:50 of 3rd period - Shot Misses the Net.
12:52 of 3rd period - Slapshot by Alex Pietrangelo.
12:52 of 3rd period - Shot Misses the Net.
13:08 of 3rd period - Slapshot by Alex Pietrangelo.
13:08 of 3rd period - Shot Blocked by Mark Stuart.
13:10 of 3rd period - Snap shot by Alex Pietrangelo.
13:10 of 3rd period - Shot Misses the Net.
13:12 of 3rd period - Snap shot by Sergei Shirokov.
13:12 of 3rd period - Deflect By Ryan O'Byrne.
13:12 of 3rd period - Shot Blocked by Mark Stuart.
13:12 of 3rd period - Puck is out of play.
13:13 of 3rd period - Sergei Shirokov wins face-off versus Henrik Sedin in Bruins zone.
13:20 of 3rd period - Snap shot by Nicklas Backstrom.
13:20 of 3rd period - Stopped by Roberto Luongo with a rebound.
13:22 of 3rd period - Slapshot by Sergei Shirokov.
13:22 of 3rd period - Shot Blocked by Andrew Alberts.
13:24 of 3rd period - Slapshot by Cody Franson.
13:24 of 3rd period - Stopped by Roberto Luongo without a rebound.
13:25 of 3rd period - Nicklas Backstrom wins face-off versus Henrik Sedin in Bruins zone.
13:32 of 3rd period - Backhand shot by Nicklas Backstrom.
13:32 of 3rd period - Shot Misses the Net.
13:58 of 3rd period - Penalty to Viktor Stalberg is over, Viktor Stalberg is back on ice.
15:52 of 3rd period - Slapshot by Nicklas Backstrom.
15:52 of 3rd period - Goal by Nicklas Backstrom - Bruins : 2 - Blues : 4.
15:53 of 3rd period - Frans Nielsen wins face-off versus Dave Bolland in neutral zone.
16:10 of 3rd period - Wrist shot by Viktor Stalberg.
16:10 of 3rd period - Stopped by Tuukka Rask without a rebound.
16:11 of 3rd period - Henrik Sedin wins face-off versus Nicklas Backstrom in Blues zone.
16:38 of 3rd period - Loui Eriksson is hit by Viktor Stalberg and loses puck.
16:45 of 3rd period - Viktor Stalberg is hit by Drew Stafford and loses puck.
17:12 of 3rd period - Snap shot by Alex Tanguay.
17:12 of 3rd period - Shot Blocked by Justin Schultz.
17:18 of 3rd period - Travis Zajac is hit by Nate Prosser and loses puck.
18:03 of 3rd period - Wrist shot by Marc Savard.
18:03 of 3rd period - Shot Misses the Net.
18:54 of 3rd period - Wrist shot by David Perron.
18:54 of 3rd period - Shot Misses the Net.
18:56 of 3rd period - Snap shot by David Perron.
18:56 of 3rd period - Goal by David Perron - Bruins : 2 - Blues : 5.
18:57 of 3rd period - Henrik Sedin wins face-off versus Nicklas Backstrom in neutral zone.
19:12 of 3rd period - Snap shot by Nicklas Backstrom.
19:12 of 3rd period - Stopped by Roberto Luongo with a rebound.
19:28 of 3rd period - Andrew Alberts is hit by Alex Pietrangelo.
19:52 of 3rd period - Snap shot by Dainius Zubrus.
19:52 of 3rd period - Stopped by Tuukka Rask without a rebound.
19:53 of 3rd period - Henrik Sedin wins face-off versus Nicklas Backstrom in Blues zone.
Goals for this period are 0 for Bruins vs 3 for Blues.
Shots for this period are 4 for Bruins vs 20 for Blues.
Back to the Top